Map: Berlingrad LE

Players

MaxPax - Winner!

  • Race: Protoss Protoss

TIME (Oliveira)

  • Race: Terran Terran

VOD

Have the link to the VOD?

Description

Time

  • Played on: Oct. 21, 2021, 7:37 a.m.
  • Length: 15:48
Show
View Real Time Build Order
Export as new Build Order

MaxPax Protoss - Winner!

Build Orders: 1 Gate Expand, Blink Stalkers 

Get SALT Encoding   

  12  0:00  Probe  
  13  0:12  Probe  
  14  0:16  Pylon  
  14  0:24  Probe  
  15  0:35  Gateway  
  15  0:38  Probe (Chrono Boost)  
  16  0:48  Probe (Chrono Boost), Assimilator  
  17  0:53  Probe (Chrono Boost)  
  18  1:04  Probe  
  19  1:20  Probe  
  19  1:22  Cybernetics Core  
  20  1:35  Nexus  
  20  1:38  Probe  
  21  1:44  Pylon  
  21  1:50  Probe  
  21  1:51  Assimilator  
  22  1:59  Stalker (Chrono Boost)  
  22  2:03  Probe  
  22  2:05  Warp Gate (Chrono Boost)  
  25  2:16  Probe  
  25  2:21  Stalker (Chrono Boost)  
  26  2:28  Probe  
  29  2:40  Probe  
  29  2:42  Twilight Council  
  30  2:48  Probe, Gateway  
  31  2:52  Probe  
  32  3:00  Probe  
  32  3:04  Probe  
  34  3:11  Blink (Chrono Boost), Gateway  
  34  3:13  Probe  
  34  3:16  Probe  
  36  3:25  Probe  
  37  3:28  Probe  
  38  3:35  Pylon  
  38  3:37  Probe  
  39  3:46  Stalker x2  
  41  3:49  Probe, Pylon  
  41  3:51  Probe  
  41  3:54  Pylon  
  43  3:57  Robotics Facility  
  43  4:01  Probe  
  38  4:14  Probe  
  38  4:15  Stalker  
  38  4:16  Stalker  
  42  4:17  Probe  
  41  4:26  Probe  
  41  4:29  Probe  
  41  4:35  Assimilator  
  41  4:37  Assimilator  
  41  4:38  Probe  
  41  4:41  Probe  
  44  4:46  Warp Prism (Chrono Boost)  
  44  4:51  Probe  
  46  4:54  Stalker x2  
  46  4:59  Stalker  
  52  5:02  Probe  
  52  5:04  Probe  
  54  5:10  Pylon  
  54  5:14  Pylon  
  54  5:28  Probe x2  
  54  5:29  Observer  
  54  5:32  Stalker x2  
  54  5:33  Stalker  
  63  5:40  Probe x2  
  63  5:41  Pylon  
  63  5:53  Probe x2  
  63  5:55  Stalker x2  
  63  5:57  Stalker  
  62  6:05  Probe x2 (Chrono Boost)  
  62  6:08  Robotics Bay  
  64  6:11  Shield Battery  
  64  6:14  Shield Battery, Probe x2 (Chrono Boost)  
  66  6:19  Probe (Chrono Boost)  
  66  6:21  Probe  
  66  6:38  Observer  
  66  6:40  Immortal (Chrono Boost)  
  66  6:43  Nexus  
  66  6:45  Pylon  
  71  6:50  Forge  
  70  6:57  Probe  
  70  6:58  Probe  
  72  7:01  Extended Thermal Lance  
  72  7:08  Colossus (Chrono Boost)  
  72  7:09  Probe  
  79  7:16  Probe  
  79  7:17  Sentry x2, Observer  
  79  7:19  Charge  
  79  7:21  Shield Battery  
  84  7:29  Probe x2, Protoss Ground Weapons Level 1 (Chrono Boost)  
  86  7:35  Shield Battery  
  86  7:49  Pylon  
  86  7:51  Probe x2  
  86  7:53  Colossus (Chrono Boost)  
  86  7:56  Probe  
  91  8:02  Stalker x3  
  91  8:03  Probe  
  98  8:06  Probe  
  97  8:24  Gateway  
  97  8:25  Gateway  
  97  8:28  Gateway  
  97  8:29  Photon Cannon  
  97  8:33  Colossus (Chrono Boost), Zealot x3  
  103  8:57  Gateway  
  103  8:59  Gateway  
  103  9:00  Zealot x3  
  103  9:01  Pylon  
  91  9:19  Zealot  
  81  9:28  Immortal  
  81  9:31  Zealot x5  
  91  9:35  Gateway  
  91  9:38  Photon Cannon  
  95  9:39  Pylon  
  95  9:43  Pylon  
  89  9:57  Protoss Ground Weapons Level 2 (Chrono Boost)  
  89  9:59  Assimilator  
  85  10:00  Pylon  
  85  10:02  Assimilator  
  85  10:06  Sentry x2  
  89  10:08  Stalker x5  
  99  10:14  Nexus  
  99  10:21  Stalker  
  99  10:27  Dark Shrine  
  99  10:34  Stalker x4  
  107  10:36  Pylon  
  107  10:54  Disruptor (Chrono Boost)  
  110  10:57  Zealot x2  
  110  10:58  Zealot x6  
  126  11:09  Probe  
  109  11:33  Stalker x5  
  109  11:34  Stalker x3  
  109  11:36  Probe x4  
  109  11:39  Shadow Stride (Chrono Boost)  
  125  11:41  Observer  
  120  11:47  Photon Cannon  
  120  11:48  Probe  
  120  11:51  Probe  
  120  12:09  Protoss Ground Weapons Level 3 (Chrono Boost), Immortal (Chrono Boost)  
  120  12:10  Probe  
  120  12:13  Gateway  
  120  12:14  Sentry x2  
  120  12:15  Zealot x5  
  135  12:16  Pylon, Zealot x2  
  135  12:18  Probe  
  145  12:26  Probe  
  145  12:30  Photon Cannon  
  145  12:31  Probe  
  145  12:36  Probe  
  147  12:38  Immortal (Chrono Boost)  
  151  12:50  Dark Templar  
  151  12:51  Dark Templar x2  
  157  12:58  Assimilator  
  157  12:59  Pylon, Dark Templar  
  157  13:00  Assimilator  
  157  13:02  Zealot x2  
  163  13:15  Observer  
  163  13:16  Pylon  
  163  13:17  Nexus, Disruptor (Chrono Boost)  
  163  13:21  Observer  
  160  13:46  Dark Templar x3  
  160  13:47  Zealot x7  
  180  13:56  Pylon  
  180  13:59  Photon Cannon  
  180  14:02  Photon Cannon  
  180  14:08  Shield Battery, Probe x2, Disruptor (Chrono Boost)  
  178  14:11  Pylon  
  152  14:38  Zealot x9  
  156  14:39  Zealot  
  156  14:41  Disruptor (Chrono Boost)  
  156  14:42  Assimilator  
  156  14:43  Assimilator  
  175  15:06  Dark Templar x4  
  175  15:07  Dark Templar x3  
  189  15:15  Stalker x2  
  189  15:16  Stalker  
  157  15:40  Zealot x2  
  157  15:41  Zealot x8  
Show
View Real Time Build Order
Export as new Build Order

TIME Terran 

Build Orders:  

Get SALT Encoding   

  12  0:00  SCV  
  13  0:13  SCV  
  14  0:17  Supply Depot  
  14  0:25  SCV  
  14  0:28  Refinery  
  15  0:39  SCV  
  16  0:44  Barracks  
  16  0:51  SCV  
  17  1:03  SCV  
  18  1:15  SCV  
  19  1:31  Marine  
  19  1:32  Orbital Command  
  20  1:34  Factory  
  20  1:37  Supply Depot  
  20  1:50  Barracks Reactor  
  20  1:57  SCV  
  21  2:09  SCV  
  22  2:16  Command Center  
  22  2:30  Starport  
  22  2:33  Hellion  
  22  2:34  Hellion  
  26  2:40  Supply Depot  
  26  2:41  SCV  
  27  2:54  Hellion  
  27  2:55  Hellion  
  27  2:58  SCV  
  31  3:06  Refinery  
  31  3:07  Medivac  
  31  3:11  SCV  
  34  3:20  Marine  
  34  3:21  Marine  
  34  3:22  Factory Tech Lab  
  34  3:24  SCV  
  36  3:38  Marine x2  
  37  3:45  Siege Tank  
  39  4:03  Starport Tech Lab  
  39  4:05  Marine x2, SCV  
  38  4:17  SCV  
  38  4:18  Siege Tank  
  38  4:22  Marine  
  43  4:30  SCV, Orbital Command  
  40  4:31  Banshee  
  40  4:34  Bunker  
  40  4:36  Marine  
  44  4:42  SCV  
  44  4:45  Marine  
  46  4:54  Siege Tank  
  46  4:55  SCV  
  46  4:56  SCV  
  51  5:00  Supply Depot  
  51  5:07  SCV  
  51  5:08  SCV  
  51  5:10  Marine  
  54  5:17  Marine  
  53  5:24  Barracks  
  53  5:25  SCV x2  
  55  5:29  Marine  
  55  5:32  Barracks  
  56  5:36  Engineering Bay  
  56  5:38  Supply Depot, SCV  
  56  5:39  SCV  
  56  5:40  Refinery  
  58  5:46  Marine  
  56  5:50  SCV  
  56  5:53  SCV  
  56  5:55  Siege Tank  
  59  6:03  SCV  
  60  6:05  SCV  
  60  6:06  Terran Infantry Weapons Level 1  
  60  6:07  Marine x2  
  63  6:12  Marine, Stimpack  
  63  6:15  SCV  
  63  6:16  Supply Depot  
  63  6:18  SCV  
  66  6:22  Refinery  
  65  6:26  Marine  
  65  6:28  SCV  
  65  6:31  Starport Reactor  
  66  6:33  Marine, Marauder  
  66  6:34  SCV  
  66  6:37  Supply Depot  
  70  6:41  Marauder, Combat Shield  
  70  6:43  Factory Reactor  
  70  6:45  SCV  
  70  6:46  SCV  
  74  6:47  Marine  
  75  6:54  Marine  
  75  6:55  Missile Turret  
  75  6:57  SCV  
  75  6:58  Marauder  
  78  7:03  Marauder, SCV  
  78  7:06  Supply Depot  
  78  7:07  Supply Depot  
  78  7:08  Marine  
  82  7:11  Medivac  
  82  7:12  Medivac  
  83  7:15  SCV  
  83  7:16  SCV  
  83  7:21  Marine  
  86  7:28  Marauder, Widow Mine x2  
  92  7:33  Marine  
  92  7:34  Missile Turret, Supply Depot  
  93  7:39  Marauder  
  95  7:44  Medivac x2  
  95  7:49  Widow Mine  
  95  7:50  Widow Mine  
  102  7:52  Concussive Shells  
  98  8:02  Marine, SCV x2  
  98  8:03  Marine  
  101  8:05  Command Center  
  101  8:06  Terran Infantry Armor Level 1  
  101  8:08  Supply Depot  
  101  8:12  Marine x2  
  102  8:14  SCV, Widow Mine  
  104  8:21  Marine  
  104  8:24  SCV  
  104  8:26  SCV  
  107  8:30  Marauder  
  107  8:34  Marine, Marauder  
  110  8:35  Widow Mine  
  110  8:36  SCV  
  110  8:38  Marine  
  110  8:39  SCV  
  117  8:43  Medivac  
  117  8:47  Medivac  
  118  8:50  Widow Mine  
  118  8:51  Marine  
  118  8:52  Marauder  
  118  8:59  Marine, Supply Depot  
  118  9:07  SCV  
  118  9:10  Marine  
  118  9:13  Viking  
  102  9:17  Marine  
  102  9:20  Marine  
  102  9:21  Marauder  
  92  9:25  Viking  
  92  9:26  SCV  
  92  9:28  Marine, Widow Mine x2  
  92  9:29  SCV  
  101  9:34  Barracks  
  101  9:35  Orbital Command  
  101  9:38  Barracks  
  101  9:42  SCV  
  101  9:43  Marine x2  
  101  9:44  Marauder  
  83  9:45  Viking  
  102  9:51  SCV  
  104  9:54  SCV  
  104  9:56  Marine  
  104  9:57  Viking  
  107  10:01  Marine, SCV  
  107  10:04  Widow Mine x2  
  107  10:06  Marauder  
  115  10:07  SCV x2  
  115  10:11  Marauder  
  115  10:14  SCV  
  120  10:19  SCV x2  
  122  10:26  Marine, Engineering Bay, SCV, Armory  
  122  10:27  Marine  
  122  10:28  Supply Depot  
  125  10:29  Barracks Reactor  
  125  10:30  Medivac x2  
  125  10:31  SCV x2  
  125  10:34  Widow Mine x2  
  135  10:38  Barracks Tech Lab  
  135  10:39  SCV  
  135  10:41  Marauder, Refinery x2  
  138  10:43  SCV  
  138  10:47  Marine x2  
  138  10:48  Marauder  
  138  10:49  SCV  
  141  11:02  Marine  
  142  11:05  Marine x2, Marauder  
  128  11:18  SCV  
  128  11:21  Terran Infantry Weapons Level 2  
  128  11:24  Marine  
  128  11:25  Marine, Marauder  
  107  11:29  Marine x2  
  107  11:30  Marauder x2  
  107  11:32  Terran Infantry Armor Level 2  
  111  11:35  Viking  
  111  11:36  Viking  
  111  11:37  Widow Mine  
  111  11:38  Widow Mine  
  118  11:42  Marine x2  
  118  11:44  SCV  
  118  11:47  Marine x2, Marauder, SCV  
  124  11:51  Marine, Marauder  
  124  11:52  SCV  
  124  12:03  Marine  
  124  12:04  Marine  
  124  12:08  Viking x2  
  122  12:09  Command Center  
  122  12:12  Marauder  
  122  12:15  SCV x3  
  129  12:21  Marauder  
  129  12:22  Marine x2, Marauder  
  134  12:27  SCV  
  134  12:28  Widow Mine x2  
  140  12:30  Marine x2, Ghost Academy  
  140  12:32  SCV  
  140  12:35  Marauder  
  145  12:41  Missile Turret  
  145  12:42  Supply Depot  
  145  12:43  Viking  
  147  12:47  Viking  
  149  12:51  Marauder  
  149  12:56  Missile Turret  
  149  13:03  Marine x4  
  149  13:04  SCV x2  
  157  13:06  Enhanced Shockwaves  
  157  13:15  SCV  
  156  13:20  Ghost x3  
  156  13:21  Planetary Fortress, Viking  
  155  13:31  Marine x4  
  157  13:41  Viking  
  157  13:47  Supply Depot x2  
  159  13:48  Marine  
  159  13:50  Marauder, Command Center  
  159  13:52  Sensor Tower, Ghost  
  159  13:53  Marine, Marauder  
  167  13:58  Liberator  
  167  14:01  Supply Depot  
  170  14:03  Supply Depot  
  161  14:22  SCV x2  
  151  14:24  Marine x3  
  151  14:25  Marauder  
  154  14:32  Marine x2  
  154  14:33  Marauder  
  154  14:35  Command Center, Liberator  
  161  14:46  Marauder  
  161  14:51  Marauder  
  161  14:52  Marine x4  
  169  15:00  Ghost  
  169  15:01  Viking  
  169  15:06  SCV  
  169  15:07  SCV x2  
  176  15:10  Marauder  
  175  15:19  SCV  
Tags
 
Add a new tag
Caveats
  • Supply blocks, unpowered buildings, or Contaminate may cause inaccurate times.
  • Supply counts are checked every 10 seconds.